 Dungeon Crawl Stone Soup version 0.30-a0-782-ge64f9170bb (webtiles) character file.

Game seed: 76709722173976028

30 Gyggbridd the Covered (level 3, -7/29 HPs)
             Began as a Human Fighter on Mar 5, 2023.
             Mangled by an orc warrior
             ... wielding a +0 war axe
              (11 damage)
             ... on level 4 of the Dungeon on Mar 6, 2023.
             The game lasted 00:06:05 (834 turns).

Gyggbridd the Covered (Human Fighter)                Turns: 834, Time: 00:06:06

Health: -7/29      AC:  8    Str: 18    XL:     3   Next: 37%
Magic:  3/3        EV:  9    Int:  8    God:
Gold:   50         SH:  4    Dex: 12    Spells: 2/2 levels left

rFire   . . .      SeeInvis .    a - +0 flail
rCold   . . .      Faith    .    c - +0 buckler
rNeg    . . .      Spirit   .    b - +0 scale mail
rPois   .          Reflect  .    k - +0 helmet
rElec   .          Harm     .    (no cloak)
rCorr   .          Rampage  .    (no gloves)
Will    .....                    (no boots) Stlth
                                 (no amulet)
HPRegen 0.24/turn                f - ring of wizardry
MPRegen 0.08/turn                (no ring)

@: no status effects
A: no striking features
a: no special abilities


You were on level 4 of the Dungeon.
You visited 1 branch of the dungeon, and saw 4 of its levels.

You collected 50 gold pieces.

Inventory:

Hand Weapons
 a - a +0 flail (weapon)
Missiles
 i - 5 stones (quivered)
 j - 6 javelins
Armour
 b - a +0 scale mail (worn)
 c - a +0 buckler (worn)
 k - a +0 helmet (worn)
 l - a +0 robe
Jewellery
 f - a ring of wizardry (left hand)
Scrolls
 e - a scroll of teleportation {unknown}
 h - a scroll of vulnerability {unknown}
Potions
 d - 2 potions of might
 g - a potion of mutation {unknown}


   Skills:
 + Level 3.1 Fighting
 + Level 2.5 Maces & Flails
 + Level 3.3 Armour
 + Level 0.5 Dodging
 + Level 3.3 Shields


You had 2 spell levels left.
You didn't know any spells.
Your spell library was empty.

Dungeon Overview and Level Annotations

Branches:
Dungeon (4/15)
 Temple: D:4-7

Altars:


Message History

You throw a stone.
The stone hits the orc warrior but does no damage.
The orc wizard gestures wildly while chanting.
The orc wizard flickers and vanishes!
Deactivating autopickup; reactivate with Ctrl-A.
You throw a stone.
The stone completely misses the orc warrior.
You throw a stone.
The stone hits the orc warrior but does no damage.
You closely miss the orc warrior.
A hound comes into view.
The orc warrior closely misses you.
The hound barks!
You sock the orc!
You kill the orc!
You hear a shout!
The orc warrior hits you with a +0 war axe!
You block the orc warrior's attack. Something hits you but does no damage.
You hit the orc warrior.
The orc warrior is lightly wounded.
Something hits you but does no damage.
The orc warrior hits you with a +0 war axe.
You hit the orc warrior but do no damage.
The orc warrior is lightly wounded.
Something hits you. You block the orc warrior's attack.
The hound barely misses you.
You barely miss the orc warrior.
The orc warrior is lightly wounded.
The hound bites you. Something hits you but does no damage.
The orc warrior hits you but does no damage.
The hound bites you but does no damage.
The orc warrior hits you with a +0 war axe!
* * * LOW HITPOINT WARNING * * *
Something hits you.
* * * LOW HITPOINT WARNING * * *
You hit something. The hound bites you.
* * * LOW HITPOINT WARNING * * *
The hound bites you but does no damage. Something hits you but does no damage.
The orc warrior hits you with a +0 war axe!
You die...

#....... #........
#........ #........
#........ #........
####h#.....#
#..o@.....#
#.##{###### #.##.##
#.....# ####..# ##
#..#
.###############..#
....)........)....#
.################.#


You could see an orc warrior and a hound.

Vanquished Creatures
  An adder (D:3)
  An orc (D:4)
  6 ball pythons
  3 bats
  2 giant cockroaches (D:1)
  2 goblins
  A hobgoblin (D:3)
  A frilled lizard (D:1)
  A rat (D:1)
18 creatures vanquished.

Notes
Turn   | Place    | Note
-------+----------+-------------------------------------------
     0 | D:1      | Gyggbridd the Human Fighter began the quest for the Orb.
     0 | D:1      | Reached XP level 1. HP: 18/18 MP: 1/1
   243 | D:1      | Reached XP level 2. HP: 23/24 MP: 2/2
   665 | D:3      | Reached XP level 3. HP: 18/29 MP: 3/3
   815 | D:4      | Noticed an orc warrior
   834 | D:4      | Mangled by an orc warrior

Illustrated notes

Levels and vault maps discovered:
D:1:      sevenhm_arrival_forest_fort_large_2, layout_loops_cross,
          nicolae_figureground_pulse
D:2:      layout_rooms, minmay_tromino_v4_b
D:3:      layout_loops_cross, nicolae_tso_swordbearing_angel
D:4:      layout_loops_ring, nicolae_qazlal_general_emergency, temple_green,
          hellmonk_ghost_happy_afterlife, cheibrodos_sewer_entry_bend,
          uniq_eustachio

Action                     || total
---------------------------++-------
  Melee: Flail             ||    61
  Throw: Stone             ||     6
 Armour: Scale mail        ||    55
  Dodge: Dodged            ||    44
  Block: Buckler           ||    24

Table legend: (Time is in decaauts)
 A = Elapsed time spent in this place.
 B = Non-inter-level travel time spent in this place.
 C = Inter-level travel time spent in this place.
 D = Time resting spent in this place.
 E = Time spent auto-exploring this place.
 F = Levels seen in this place.
 G = Mean time per level.
                   A        B        C        D        E       F      G
               +--------+--------+--------+--------+--------+-----+--------+
         Total |    853 |    853 |      0 |     32 |     39 |   4 |  213.2 |
       Dungeon |    853 |    853 |      0 |     32 |     39 |   4 |  213.2 |
               +--------+--------+--------+--------+--------+-----+--------+

Top non-repeatable levels by time:
     D:1: 548 daAuts
     D:3: 251 daAuts
     D:4: 45 daAuts
     D:2: 8 daAuts
